 Dungeon Crawl Stone Soup version 0.28-a0-1613-gdaab1c2f9b (webtiles) character file.

Game seed: 7911344653724863075

160 Essalna the Firebug (level 5, -4/35 HPs)
             Began as a Demonspawn Fire Elementalist on Jan 21, 2022.
             Slain by Grinder (9 damage)
             ... on level 3 of the Dungeon.
             The game lasted 00:04:41 (3259 turns).

Essalna the Firebug (Demonspawn Fire Elementalist)  Turns: 3259, Time: 00:04:42

Health: -4/35      AC:  5    Str:  9    XL:     5   Next: 17%
Magic:  0/9        EV: 12    Int: 18    God:
Gold:   175        SH:  0    Dex: 13    Spells: 7/10 levels left

rFire   . . .      SeeInvis .   e - +3 club
rCold   . . .      Faith    .   (no shield)
rNeg    . . .      Spirit   .   a - +0 robe
rPois   .          Reflect  .   f - +0 helmet
rElec   .          Harm     .   (no cloak)
rCorr   .          Rampage  .   (no gloves)
Will    .....                   (no boots)
Stlth   ++........              (no amulet)
HPRegen 0.11/turn               (no ring)
MPRegen 0.11/turn               (no ring)

@: no status effects
A: yellow scales 1
a: no special abilities


You were on level 3 of the Dungeon.
You visited 1 branch of the dungeon, and saw 4 of its levels.

You collected 175 gold pieces.

Inventory:

Hand Weapons
 e - a +3 club (weapon)
Armour
 a - a +0 robe (worn)
 f - a +0 helmet (worn)
Scrolls
 b - 3 scrolls of amnesia {unknown}
 c - 3 scrolls of identify {unknown}
 h - a scroll of holy word {unknown}
 i - a scroll of fog {unknown}
 j - a scroll of noise {unknown}
Potions
 d - 2 potions of heal wounds {unknown}
 g - a potion of attraction {unknown}
 k - 2 potions of curing {unknown}


   Skills:
 - Level 1.7 Dodging
 - Level 1.7 Stealth
 + Level 3.3 Spellcasting
 + Level 2.9 Conjurations
 + Level 3.8 Fire Magic


You had 7 spell levels left.
You knew the following spells:

 Your Spells              Type           Power      Damage    Failure   Level
a - Foxfire               Conj/Fire      60%        2x1d7     4%          1
b - Scorch                Fire           32%        2d6       4%          2

Your spell library contained the following spells:

 Spells                   Type           Power      Damage    Failure   Level
 Conjure Flame            Conj/Fire      15%        6-21      12%         3
 Summon Small Mammal      Summ           8%         N/A       16%         1
 Inner Flame              Hex/Fire       9%         N/A       22%         3
 Flame Wave               Conj/Fire      15%        2d6       36%         4


Dungeon Overview and Level Annotations

Branches:
Dungeon (4/15)
 Temple: D:4-7

Altars:
Xom

Annotations:
D:3 Grinder


Innate Abilities, Weirdness & Mutations

You are partially covered in yellow scales. (AC +2)


Message History

Confirm with . or Enter, or press ? or * to list all spells.
There is not enough space to conjure foxfire!
You closely miss Grinder.
Grinder is heavily wounded.
The foxfire hits Grinder.
Grinder is heavily wounded.
The foxfire hits Grinder.
Grinder is severely wounded.
The giant cockroach bites you. Grinder closely misses you.
The giant cockroach barely misses you. Grinder barely misses you.
Casting: Foxfire (safe; 4% risk of failure)
Confirm with . or Enter, or press ? or * to list all spells.
You conjure some foxfire!
The giant cockroach closely misses you. Grinder gestures at you.
You barely resist. You closely miss Grinder.
Grinder is severely wounded.
The foxfire hits Grinder.
Grinder is severely wounded.
The foxfire hits Grinder.
Grinder is severely wounded.
The giant cockroach closely misses you. Grinder gestures at you.
Pain shoots through your body!
* * * LOW HITPOINT WARNING * * *
The giant cockroach bites you but does no damage.
Casting: Foxfire (safe; 4% risk of failure)
Confirm with . or Enter, or press ? or * to list all spells.
You conjure some foxfire!
The giant cockroach bites you but does no damage.
Grinder hits you.
* * * LOW HITPOINT WARNING * * *
You closely miss Grinder.
Grinder is severely wounded.
The foxfire hits Grinder but does no damage.
Grinder is severely wounded.
The foxfire hits Grinder but does no damage.
Grinder is severely wounded.
The giant cockroach barely misses you. Grinder hits you!
You die...

..# ####...# # #.#
##.#.#####...
#>#####..........#
#...#........########
###.....###...........#
##....######...######.# .
...##..........# #.##.(.
#####..#####.#.######....#
# #†..## #.#.§@5....# .
###...#
#.###.B###.######..
.....##
##.#........#.......
####.# ##................#
#.# ###..#####†..#.#..###
#.###...## #...##§...###
#.....### #.#....)....#
##.##### #.##.....##.#
#..# ######[###.)>.#
.#####


You could see Grinder and a giant cockroach.

Vanquished Creatures
  Robin (D:1)
  6 gnolls
  3 worms
  6 dart slugs
  3 endoplasms
  3 giant cockroaches
  15 goblins
  6 hobgoblins
  4 kobolds
  A quokka (D:2)
  5 ball pythons
  7 bats
  8 rats
68 creatures vanquished.

Vanquished Creatures (others)
  340 foxfires
340 creatures vanquished.

Grand Total: 408 creatures vanquished

Notes
Turn   | Place    | Note
-------+----------+-------------------------------------------
     0 | D:1      | Essalna the Demonspawn Fire Elementalist began the quest
                  | for the Orb.
     0 | D:1      | Reached XP level 1. HP: 13/13 MP: 3/3
    13 | D:1      | Found a shimmering altar of Xom.
   273 | D:1      | Gained mutation: You are partially covered in yellow
                  | scales. (AC +2) [demonic ancestry]
   273 | D:1      | Reached XP level 2. HP: 19/19 MP: 0/5
   514 | D:1      | Found a faded altar of an unknown god.
   595 | D:1      | Got Plato's Papyrus of Companions
   794 | D:2      | Noticed Robin
   827 | D:1      | Killed Robin
   828 | D:1      | Reached XP level 3. HP: 3/24 MP: 1/6
  1969 | D:2      | Reached XP level 4. HP: 30/30 MP: 4/8
  2076 | D:2      | Learned a level 2 spell: Scorch
  3008 | D:3      | Reached XP level 5. HP: 35/35 MP: 4/9
  3241 | D:3      | Noticed Grinder
  3259 | D:3      | Slain by Grinder

Illustrated notes

Levels and vault maps discovered:
D:1:      dpeg_arrival_lava_altar, layout_basic,
          shapermc_ecumenical_altar_rom_forum
D:2:      layout_basic, minmay_circle_x, uniq_robin
D:3:      layout_rooms, serial_shops, nicolae_shop_hallway_plus, uniq_grinder
D:4:      layout_cave_pods, minmay_pentomino_pile, uniq_pikel

Skill      XL: |  1  2  3  4 |
---------------+-------------+-----
Fire Magic     | 3 |  3.8
Conjurations   | 2 |  2.9
Spellcasting   | 3 |  3.3
Dodging        | |  1.7
Stealth        | |  1.7

Action                   |  1- 3 |  4- 6 || total
-------------------------+-------+-------++-------
Melee: Unarmed           |    15 |       ||    15
       Club              |     6 |    12 ||    18
       Punch             |       |     1 ||     1
 Cast: Foxfire           |   109 |    86 ||   195
 Stab: Sleeping          |       |     1 ||     1
Armor: Robe              |    13 |     7 ||    20
Dodge: Dodged            |    24 |    22 ||    46

Table legend: (Time is in decaauts)
 A = Elapsed time spent in this place.
 B = Non-inter-level travel time spent in this place.
 C = Inter-level travel time spent in this place.
 D = Time resting spent in this place.
 E = Time spent auto-exploring this place.
 F = Levels seen in this place.
 G = Mean time per level.
                   A        B        C        D        E       F      G
               +--------+--------+--------+--------+--------+-----+--------+
         Total |   3265 |   3218 |     47 |    101 |   2667 |   4 |  816.2 |
       Dungeon |   3265 |   3218 |     47 |    101 |   2667 |   4 |  816.2 |
               +--------+--------+--------+--------+--------+-----+--------+

Top non-repeatable levels by time:
     D:2: 1323 daAuts
     D:1: 1142 daAuts
     D:3: 732 daAuts
     D:4: 67 daAuts
